 Dungeon Crawl Stone Soup version 0.31.0-9-g3a7656b989 (webtiles) character file.

Game seed: 13196161710797466891

87 qw the Shooter (level 4, -4/25 HPs)
             Began as a Deep Elf Hunter on Feb 2, 2024.
             Killed by nerve-wracking pain
             ... invoked by Grinder
              (10 damage)
             ... on level 3 of the Dungeon.
             The game lasted 00:00:05 (1321 turns).

qw the Shooter (Deep Elf Hunter)                    Turns: 1321, Time: 00:00:06

Health: -4/25      AC:  5    Str: 10    XL:     4   Next: 28%
Magic:  6/6        EV: 12    Int: 14    God:
Gold:   102        SH:  0    Dex: 18    Spells: 3/3 levels left

rFire   . . .        a - +0 shortbow
rCold   . . .        (shield currently unavailable)
rNeg    . . .        c - +0 leather armour
rPois   .            n - +0 helmet
rElec   .            (no cloak)
rCorr   .            (no gloves)
SInv    .            p - +0 pair of boots
Will    .....        (no amulet)
Stlth   ++           (no ring)
HPRegen 0.24/turn    (no ring)
MPRegen 0.10/turn

%: no passive effects
@: about to teleport
A: no striking features
a: no special abilities


You were on level 3 of the Dungeon.
You visited 1 branch of the dungeon, and saw 3 of its levels.

You collected 102 gold pieces.


   Skills:
 - Level 1.5 Fighting
 + Level 7.7 Ranged Weapons
 - Level 2.4 Dodging
 - Level 1.2 Stealth


You had 3 spell levels left.
You didn't know any spells.
Your spell library was empty.

Inventory:

Hand Weapons
 a - a +0 shortbow (weapon)
Armour
 c - a +0 leather armour (worn)
 k - the +1 leather armour of the Evening {-Tele Str+4}
   (You found it on level 2 of the Dungeon)

   Str+4:     It affects your strength (+4).
   -Tele:     It prevents most forms of teleportation.
 n - a +0 helmet (worn)
 p - a +0 pair of boots (worn)
Jewellery
 j - a ring of ice
Potions
 e - a potion of enlightenment
 h - a potion of curing
 i - a potion of heal wounds {unknown}
 l - a potion of berserk rage {unknown}
 m - a potion of haste {unknown}

Dungeon Overview and Level Annotations

Branches:
Dungeon (3/15)

Altars:

Annotations:
D:3 Grinder


Message History

You shoot an arrow. The arrow hits Grinder.
Grinder is heavily wounded.
Grinder closely misses you.
You shoot an arrow.
The arrow hits Grinder but does no damage.
Grinder is heavily wounded.
Grinder hits you. The orc misses you.
You shoot an arrow. The arrow hits Grinder.
Grinder is heavily wounded.
Grinder blinks!
The orc barely misses you.
You shoot an arrow.
The arrow hits the orc but does no damage.
Grinder gestures at you. You resist with significant effort.
The orc barely misses you.
You shoot an arrow. The arrow hits the orc!
You kill the orc!
You shoot an arrow.
The arrow hits Grinder but does no damage.
Grinder is heavily wounded.
You shoot an arrow. The arrow closely misses Grinder.
Grinder gestures at you.
You suddenly lose the ability to move!
Grinder gestures at you. Pain shoots through your body! Grinder hits you.
You can move again.
1318 ||| READING scroll of teleportation.
As you read the scroll of teleportation, it crumbles to dust.
You feel strangely unstable. Grinder hits you.
You shoot an arrow. The arrow hits Grinder.
Grinder is severely wounded.
Grinder barely misses you.
You shoot an arrow. The arrow barely misses Grinder.
Grinder blinks!
You shoot an arrow. The arrow barely misses Grinder.
Grinder gestures at you. Pain shoots through your body!
You die...
Grinder says, "Hey, I wasn't done torturing you yet!"

# # .......... #########
#........[ ##...<..#.#
#......$.. ##.#....#.#
#......(.. ........#.#
#$........
##.##...#.#####...?.....
##.###.........)....5...
##..............@# #
#######..........#.# #
#............# #
#...#####.#### #
###.#####.# # #.##....#
#....#### #..### #>.#


You could see Grinder.

Vanquished Creatures
  3 adders (D:2)
  5 dart slugs
  An orc (D:3)
  6 endoplasms
  A giant cockroach (D:2)
  4 hobgoblins
  2 jackals (D:1)
  A quokka (D:1)
  4 ball pythons
  8 bats
  A frilled lizard (D:2)
  2 goblins
  6 kobolds
  5 rats
49 creatures vanquished.

Notes
Turn   | Place    | Note
-------+----------+-------------------------------------------
     0 | D:1      | qw the Deep Elf Hunter began the quest for the Orb.
     0 | D:1      | Reached XP level 1. HP: 12/12 MP: 3/3
     0 | D:1      | 0 ||| qw: Version: 0.3-a-155-g5e7d8dd
     0 | D:1      | 0 ||| qw: Game counter: 1803
     0 | D:1      | 0 ||| qw: Melee chars always use a shield: true
     0 | D:1      | 0 ||| qw: God list: Okawaru
     0 | D:1      | 0 ||| qw: Allow faded altars: false
     0 | D:1      | 0 ||| qw: Do Orc after clearing Dungeon:15 true
     0 | D:1      | 0 ||| qw: Do second Lair branch before Depths: true
     0 | D:1      | 0 ||| qw: Lair rune preference: random
     0 | D:1      | 0 ||| qw: Goals: Normal
     0 | D:1      | 0 ||| PLANNING D:1-11
    87 | D:1      | Reached XP level 2. HP: 16/16 MP: 4/4
    97 | D:1      | Reached skill level 6 in Ranged Weapons
   107 | D:1      | Found a faded altar of an unknown god.
   331 | D:1      | Reached XP level 3. HP: 20/20 MP: 5/5
   575 | D:1      | 575 ||| READING 2 scrolls labelled MOMYICK XAIW.
   580 | D:1      | 580 ||| READING 2 scrolls labelled UDUZOV MAONNEBB.
   581 | D:1      | 581 ||| READING scroll labelled ABEITETEJU.
   581 | D:1      | 581 ||| IDENTIFYING cyan potion
   582 | D:1      | 582 ||| DROPPING scroll of butterflies.
   583 | D:1      | 583 ||| DROPPING scroll of fog.
   688 | D:2      | Reached skill level 7 in Ranged Weapons
   692 | D:2      | Identified the +1 leather armour of the Evening {-Tele
                  | Str+4}
   852 | D:2      | Reached XP level 4. HP: 25/25 MP: 6/6
  1127 | D:2      | 1127 ||| UPGRADING to +0 helmet.
  1132 | D:2      | 1132 ||| UPGRADING to +0 pair of boots.
  1137 | D:2      | 1137 ||| READING scroll of identify.
  1137 | D:2      | 1137 ||| IDENTIFYING brown potion
  1138 | D:2      | 1138 ||| READING scroll labelled YSHRAI OBOAQUR.
  1139 | D:2      | 1139 ||| READING 3 scrolls labelled HOZXUZEISA.
  1240 | D:2      | 1240 ||| READING scroll labelled JUNWEIRUUT.
  1241 | D:2      | 1241 ||| DROPPING 2 scrolls of silence.
  1298 | D:3      | Noticed Grinder
  1314 | D:3      | Paralysed by Grinder for 4 turns
  1317 | D:3      | HP: 6/25 [Grinder (2)]
  1318 | D:3      | 1318 ||| READING scroll of teleportation.
  1321 | D:3      | Killed from afar by Grinder

Levels and vault maps discovered:
D:1:      lemuel_arrival_funnel, layout_basic,
          hellmonk_ecumenical_altar_lost_god
D:2:      layout_rooms, corner_web_ring, minmay_tall_x
D:3:      layout_basic, serial_shops, nicolae_shop_mannequins,
          kennysheep_cross_room, feat_on_display, uniq_grinder

Skill      XL: |  1  2  3 |
---------------+----------+-----
Ranged Weapons | 6 7 |  7.7
Fighting       | |  1.5
Dodging        | |  2.4
Stealth        | |  1.2

Action                     |  1- 3 |  4- 6 || total
---------------------------+-------+-------++-------
   Fire: Shortbow          |    97 |    42 ||   139
    Use: Scroll            |     3 |     5 ||     8
 Armour: Leather armour    |    11 |     7 ||    18
  Dodge: Dodged            |    10 |     9 ||    19

Table legend:
 A = Non-vault XP
 B = Vault XP
 C = Vault XP percentage of total XP
 D = Non-vault monster count
 E = Vault monster count
 F = Vault count percentage of total count
                 A         B        C        D         E       F
            +---------+---------+-------+---------+---------+-------
      Total |     106 |      19 |  15.2 |      45 |       4 |   8.2
            +---------+---------+-------+---------+---------+-------
        D:1 |      46 |       0 |   0.0 |      24 |       0 |   0.0
        D:2 |      57 |      19 |  25.0 |      20 |       4 |  16.7
        D:3 |       3 |       0 |   0.0 |       1 |       0 |   0.0
            +---------+---------+-------+---------+---------+-------
